 Dungeon Crawl Stone Soup version 0.32-a0-17-gb74e046682 (webtiles) character file.

Game seed: 836558818060463369

11 LeprechaunX the Changeling (level 2, -11/18 HPs)
             Began as an Octopode Shapeshifter on Jan 15, 2024.
             Killed from afar by Sigmund (12 damage)
             ... with a puff of flame
             ... on level 2 of the Dungeon.
             The game lasted 00:00:31 (196 turns).

LeprechaunX the Changeling (Octopode Shapeshifter)   Turns: 196, Time: 00:00:33

Health: -11/18     AC:  1    Str: 13    XL:     2   Next: 29%
Magic:  2/2        EV: 13    Int: 12    God:
Gold:   29         SH:  0    Dex: 11    Spells: 1/1 levels left

rFire   . .          .
                       - Unarmed
rCold   . . .        (no shield)
rNeg    . . .        (helmet currently unavailable)
rPois   .            (no amulet)
rElec   .            (no ring)
rCorr   .            (no ring)
SInv    .            (no ring)
Will    .....        (no ring)
Stlth   ++           (no ring)
HPRegen 0.23/turn    (no ring)
MPRegen 0.08/turn    (no ring)
                     (no ring)

%: no passive effects
@: beast-form
A: beast (slay +1), almost no armour, amphibious, 8 rings, camouflage 1,
gelatinous body 1, (nimble swimmer 1), tentacles
a: Begin Untransformation


You were on level 2 of the Dungeon.
You were a hulking beast.
You visited 1 branch of the dungeon, and saw 2 of its levels.

You collected 29 gold pieces.

Inventory:

Jewellery
 e - an amulet of guardian spirit
Talismans
 b - a beast talisman
 c - a flux talisman
Scrolls
 d - a scroll of vulnerability {unknown}
Potions
 f - 2 potions of heal wounds {unknown}


   Skills:
 + Level 1.3 Fighting
 + Level 2.1 Dodging
 + Level 3.1 Unarmed Combat
 * Level 3.2 Shapeshifting


You had one spell level left.
You didn't know any spells.
Your spell library was empty.

Dungeon Overview and Level Annotations

Branches:
Dungeon (1/15)

Altars:

Annotations:
D:2 Sigmund


Innate Abilities, Weirdness & Mutations

You are a hulking beast.
Your limbs bulge with bestial killing power. (Slay +1)
You cannot wear most types of armour.
You are amphibious.
You can wear up to eight rings at the same time.
Your skin changes colour to match your surroundings (Stealth+).
Your rubbery body absorbs attacks. (AC +1, EV +1)
((You are camouflaged when in or above water. (Stealth+)))
You have tentacles for arms and can constrict up to eight enemies at once.


Message History

You hit Sigmund but do no damage.
Sigmund is lightly wounded.
You closely miss Sigmund.
Sigmund is lightly wounded.
Sigmund mumbles some strange words.
Sigmund flickers and vanishes!
Deactivating autopickup; reactivate with Ctrl-A.
You hit something but do no damage. Something completely misses you.
You closely miss something. Something hits you!
You hit something. Your punch misses something. You completely miss something.
Something hits you but does no damage.
You closely miss something. Something hits you but does no damage.
You barely miss something.
Your transformation is almost over.
You closely miss something. Something completely misses you.
You hit something. You hit something but do no damage. Something hits you.
You barely miss something. Something hits you.
You miss something. You barely miss something.
Something hits you but does no damage.
You hit something but do no damage. Your punch misses something.
You closely miss something. Something hits you but does no damage.
You miss something.
You hear some strange, mumbled words.
A magic dart appears from out of thin air!
The magic dart hits you!
* * * LOW HITPOINT WARNING * * *
You miss something.
You hear some strange, mumbled words.
A magic dart appears from out of thin air!
The magic dart hits you.
* * * LOW HITPOINT WARNING * * *
You smack something!
You feel less wooden.
You turn into a hulking beast.
You hear some strange, mumbled words.
A puff of flame appears from out of thin air!
The puff of flame hits you!
Ouch! That really hurt!
You die...

................ ......
######.######........#.
######.# #........#
.....#.# #........
.......# .......
#####.## ..... #..##
... ##..# #{#
####.######.#h#
#...........#.#
#.####..#####.# #.#
##.#####.# #.#
#.......# #.# ######..#
#.# ##.# #.# #.# +.#
...


There were no monsters in sight!

Vanquished Creatures
  2 ball pythons (D:1)
  An endoplasm (D:1)
  2 kobolds
  A quokka (D:1)
  3 bats
  A frilled lizard (D:1)
  2 rats (D:1)
12 creatures vanquished.

Notes
Turn   | Place    | Note
-------+----------+-------------------------------------------
     0 | D:1      | LeprechaunX the Octopode Shapeshifter began the quest for
                  | the Orb.
     0 | D:1      | Reached XP level 1. HP: 13/13 MP: 1/1
    52 | D:1      | Reached XP level 2. HP: 18/18 MP: 2/2
    76 | D:1      | You fall into a shaft and drop 1 floor!
   166 | D:2      | Noticed Sigmund
   196 | D:2      | Killed from afar by Sigmund

Illustrated notes

Levels and vault maps discovered:
D:1:      onia_arrival_handbag, layout_rooms
D:2:      layout_basic, nicolae_ecumenical_snake_handling,
          hangedman_abyss_or_decor_lesser_grid, uniq_sigmund

Action                     || total
---------------------------++-------
  Melee: Unarmed           ||    45
         Constrict         ||     6
         Tentacles         ||     4
    Use: Potion            ||     1
   Stab: Sleeping          ||     2
 Armour: Skin              ||    21
  Dodge: Dodged            ||    19

Table legend: (Time is in decaauts)
 A = Elapsed time spent in this place.
 B = Non-inter-level travel time spent in this place.
 C = Inter-level travel time spent in this place.
 D = Time resting spent in this place.
 E = Time spent auto-exploring this place.
 F = Levels seen in this place.
 G = Mean time per level.
                   A        B        C        D        E       F      G
               +--------+--------+--------+--------+--------+-----+--------+
         Total |    193 |    193 |      0 |      0 |    101 |   2 |   96.5 |
       Dungeon |    193 |    193 |      0 |      0 |    101 |   2 |   96.5 |
               +--------+--------+--------+--------+--------+-----+--------+

Top non-repeatable levels by time:
     D:2: 117 daAuts
     D:1: 75 daAuts
